 Dungeon Crawl Stone Soup version 0.31-a0-240-gb923e448b6 (webtiles) character file.

Game seed: 13374411429035873339

60 qw the Shooter (level 3, 0/29 HPs)
             Began as a Minotaur Hexslinger on July 11, 2023.
             Slain by an adder (1 damage)
             ... on level 2 of the Dungeon.
             The game lasted 00:00:26 (1353 turns).

qw the Shooter (Minotaur Hexslinger)                Turns: 1353, Time: 00:00:27

Health: 0/29       AC:  6    Str: 12    XL:     3   Next: 80%
Magic:  3/3        EV: 11    Int: 10    God:
Gold:   199        SH:  0    Dex: 14    Spells: 3/4 levels left

rFire   . . .        Y - +1 sling
rCold   . . .        (no shield)
rNeg    . . .        e - +0 ring mail
rPois   .            (helmet restricted)
rElec   .            (no cloak)
rCorr   .            (no gloves)
SInv    .            f - +0 pair of boots
Will    .....        (no amulet)
Stlth   +            (no ring)
HPRegen 0.24/turn    (no ring)
MPRegen 0.08/turn

%: no passive effects
@: no status effects
A: horns 2, retaliatory headbutt
a: no special abilities


You were on level 2 of the Dungeon.
You visited 1 branch of the dungeon, and saw 3 of its levels.

You collected 199 gold pieces.


Innate Abilities, Weirdness & Mutations

You have a pair of horns on your head.
You reflexively headbutt those who attack you in melee.


   Skills:
 - Level 2.0 Fighting
 + Level 4.1 Ranged Weapons
 - Level 1.0 Armour
 - Level 2.1 Dodging
 - Level 1.0 Spellcasting
 - Level 2.0 Hexes


You had 3 spell levels left.
You knew the following spells:

 Your Spells              Type           Power      Damage    Failure   Level
a - Slow                  Hex            16%        N/A       34%         1

Your spell library contained the following spells:

 Spells                   Type           Power      Damage    Failure   Level
 Inner Flame              Hex/Fire       2%         N/A       83%         3
 Portal Projectile        Hex/Tloc       4%         N/A       83%         3
 Cause Fear               Hex            2%         N/A       98%         4

Inventory:

Hand Weapons
 Y - a +1 sling (weapon)
Armour
 e - a +0 ring mail (worn)
 f - a +0 pair of boots (worn)
Scrolls
 a - 2 scrolls of identify

Dungeon Overview and Level Annotations

Branches:
Dungeon (3/15)

Altars:
Fedhas

Shops:
D:3 [

Annotations:
D:2 Grinder
D:3 Sigmund


Message History

Sigmund points at you and mumbles some strange words.
You resist with significant effort.
The ball python bites you but does no damage.
The ball python constricts you.
You shoot a sling bullet. The sling bullet hits the ball python.
You kill the ball python!
You feel sick. The adder barely misses you.
Sigmund points at you and mumbles some strange words.
You resist with significant effort. The adder misses you.
Sigmund barely misses you.
Your Armour skill increases to level 1!
1351 ||| STAIRDANCE You feel sick.
The adder completely misses you. Grinder misses you.
You climb upwards.
You feel sick.
There is a stone staircase leading down here.
Enter note:
Enter note:
Enter note:
Enter note:
Enter note:
Enter note:
Enter note:
Enter note:
Enter note:
Enter note:
Enter note:
Enter note:
Enter note:
Enter note:
Enter note:
Enter note:
Enter note:
Enter note: You shoot a sling bullet.
The sling bullet hits Grinder but does no damage.
You feel sick.
You are no longer poisoned.
The adder barely misses you. Grinder barely misses you.
You furiously retaliate!
You headbutt Grinder! The adder bites you.
You die...

..##...............##
..##...............#########
..............#...##.......#
..............######.#.###.#
..................##.#.....##
..........####....##.#.#....#
..######### #.....#.#.#.##.#
..##############5#.#.#.#%##.#
...........<...S@#.....#.##.#
..##.....##.####.###.###.##.#
.........##.####.###.....##.#
............#......########.##
.........####................#
...................####...#..####
..##...)...........##............
.###.........###.####.#.#.##.##.#
#######......# #.# #.#..........


You could see Grinder and an adder.

Vanquished Creatures
  2 adders (D:2)
  A worm (D:2)
  3 dart slugs
  2 bats
  3 endoplasms
  A giant cockroach (D:2)
  2 goblins
  5 hobgoblins
  6 jackals
  3 ball pythons
  A rat (D:1)
29 creatures vanquished.

Notes
Turn   | Place    | Note
-------+----------+-------------------------------------------
     0 | D:1      | qw the Minotaur Hexslinger began the quest for the Orb.
     0 | D:1      | Reached XP level 1. HP: 16/16 MP: 1/1
     0 | D:1      | 0 ||| qw: Version: 0.3-a-52-g30416fa
     0 | D:1      | 0 ||| qw: Game counter: 6057
     0 | D:1      | 0 ||| qw: Melee chars always use a shield: true
     0 | D:1      | 0 ||| qw: God list: Okawaru
     0 | D:1      | 0 ||| qw: Allow faded altars: false
     0 | D:1      | 0 ||| qw: Do Orc after clearing Dungeon:15 true
     0 | D:1      | 0 ||| qw: Do second Lair branch before Depths: true
     0 | D:1      | 0 ||| qw: Lair rune preference: random
     0 | D:1      | 0 ||| qw: Goals: Normal
     0 | D:1      | 0 ||| PLANNING D:1-11
   234 | D:1      | Reached skill level 3 in Ranged Weapons
   234 | D:1      | Reached XP level 2. HP: 23/23 MP: 2/2
   238 | D:1      | Found a faded altar of an unknown god.
   657 | D:1      | 657 ||| UPGRADING to +0 ring mail.
   667 | D:1      | 667 ||| DROPPING +0 robe.
   668 | D:1      | 668 ||| UPGRADING to +0 pair of boots.
   673 | D:1      | 673 ||| READING 3 scrolls labelled COILOMN WOUST.
   674 | D:1      | 674 ||| DROPPING scroll of poison.
   821 | D:2      | Reached XP level 3. HP: 29/29 MP: 3/3
   829 | D:2      | Found a blossoming altar of Fedhas.
   925 | D:2      | Reached skill level 4 in Ranged Weapons
  1317 | D:2      | 1317 ||| READING scroll labelled IMNYMO BEOCUIH.
  1318 | D:2      | 1318 ||| READING scroll labelled QOCOL GOTOIMASH.
  1319 | D:2      | 1319 ||| READING scroll labelled LEOFAS OSUWUKO.
  1336 | D:3      | Found Muuru's Armour Emporium.
  1338 | D:3      | Noticed Sigmund
  1340 | D:3      | Noticed Grinder
  1342 | D:3      | 1342 ||| STAIRDANCE
  1348 | D:3      | HP: 7/29 [constriction (1)]
  1351 | D:3      | Reached skill level 1 in Armour
  1351 | D:3      | 1351 ||| STAIRDANCE
  1351 | D:3      | HP: 3/29 [poisoned by an adder]
  1353 | D:2      | HP: 1/29 [poisoned by an adder]
  1353 | D:2      | Slain by an adder

Levels and vault maps discovered:
D:1:      mrwooster_arrival_statue_2, layout_basic, ebering_ecumenical_altar_box
D:2:      layout_basic, basic_altar, serial_glass, glass_columns_c,
          glass_columns_c, skrybe_limestone_x
D:3:      layout_rooms, serial_shops, shop, uniq_crazy_yiuf_cottage,
          uniq_sigmund, uniq_grinder

Skill      XL: |  1  2  3 |
---------------+----------+-----
Ranged Weapons | 3 4 |  4.1
Fighting       | 2 |  2.0
Armour         | 1 |  1.0
Dodging        | |  2.1
Spellcasting   | |  1.0
Hexes          | |  2.0

Action                     || total
---------------------------++-------
   Fire: Sling             ||    92
    Use: Scroll            ||     4
 Armour: Ring mail         ||     8
  Dodge: Dodged            ||    27

Table legend:
 A = Non-vault XP
 B = Vault XP
 C = Vault XP percentage of total XP
 D = Non-vault monster count
 E = Vault monster count
 F = Vault count percentage of total count
                 A         B        C        D         E       F
            +---------+---------+-------+---------+---------+-------
      Total |      86 |       0 |   0.0 |      29 |       0 |   0.0
            +---------+---------+-------+---------+---------+-------
        D:1 |      30 |       0 |   0.0 |      14 |       0 |   0.0
        D:2 |      50 |       0 |   0.0 |      12 |       0 |   0.0
        D:3 |       6 |       0 |   0.0 |       3 |       0 |   0.0
            +---------+---------+-------+---------+---------+-------
